 Dungeon Crawl Stone Soup version 0.32-a0-468-g38b2580584 (webtiles) character file.

Game seed: 17436297594952522241

79 Zonian the Ruffian (level 4, -4/38 HPs)
             Began as a Ghoul Gladiator on Feb 25, 2024.
             Slain by a gnoll
             ... wielding a +0 flail
              (7 damage)
             ... on level 3 of the Dungeon.
             The game lasted 00:04:47 (1860 turns).

Zonian the Ruffian (Ghoul Gladiator)                Turns: 1860, Time: 00:04:48

Health: -4/38      AC:  4    Str: 19    XL:     4   Next: 37%
Magic:  4/4        EV: 13    Int:  7    God:
Gold:   77         SH:  0    Dex: 16    Spells: 3/3 levels left

rFire   + .          .
                       - Unarmed
rCold   + + .        (no shield)
rNeg    + + +        a - +0 leather armour
rPois   ∞            b - +0 helmet
rElec   +            (no cloak)
rCorr   +            (no gloves)
SInv    +            (no boots)
Will    .....        (no amulet)
Stlth   +            j - +6 ring of dexterity
HPRegen 0.00/turn    (no ring)
MPRegen 0.09/turn

%: no passive effects
@: resistant, weak-willed, inhibited regen
A: claws 1, cold resistance 1, negative energy resistance 3, inhibited
regeneration, torment resistance 2, devour on kill
a: no special abilities


You were on level 3 of the Dungeon.
You visited 1 branch of the dungeon, and saw 3 of its levels.

You collected 77 gold pieces.


Innate Abilities, Weirdness & Mutations

You are immune to poison.
You have sharp fingernails.
Your flesh is cold resistant. (rC+)
You are immune to negative energy. (rN+++)
You do not regenerate when monsters are visible.
You are immune to unholy pain and torment.
You thrive by killing the living.


   Skills:
 + Level 3.3 Fighting
 - Level 1.9 Throwing
 + Level 3.3 Dodging
 + Level 4.1 Unarmed Combat


You had 3 spell levels left.
You didn't know any spells.
Your spell library contained the following spells:

 Spells                   Type           Power      Damage    Failure   Level
 Ignite Poison            Fire/Alch      0%         N/A       99%         4
 Sticky Flame             Fire/Alch      0%         2d4       99%         4
 Conjure Ball Lightning   Conj/Air       0%         3x3d6     100%        6
 Discord                  Hex            0%         N/A       100%        8
 Disjunction              Tloc           0%         N/A       100%        8
 Ignition                 Fire           0%         3d3       100%        8

Inventory:

Missiles
 c - 3 throwing nets (quivered) {=f!fthrowing}
 d - a javelin {throwing}
Armour
 a - a +0 leather armour (worn)
 b - a +0 helmet (worn)
Jewellery
 f - a ring of positive energy
   (You found it on level 1 of the Dungeon)
 j - a +6 ring of dexterity (left claw)
   (You found it on level 1 of the Dungeon)
Scrolls
 h - a scroll of enchant weapon {unknown}
 k - 2 scrolls of vulnerability {!r!r}
Potions
 i - a potion of mutation
 m - 2 potions of degeneration {!q@e2}

Dungeon Overview and Level Annotations

Branches:
Dungeon (3/15) Zot: 16149

Altars:

Annotations:
D:3 Sigmund

*,,,*,,,,,* *.#* *****
*,,,*****#####..######## ***,,,,
*,,,*,,,,..####...####### *,+,,,,
*,,,*,**,##....#........#**,*,,,,
*,,,',**,##.#...........+,*,+,,,,
*,,,*,**,##.#...........#,,,*,,,,
*,,,*,**,##.#$..........#**,,,,,,
********,##.#...........# **,,,**
,,******,##.#...@g......# ***,,*
*+*,,,,*,...#..†go......# **,,
,,,,,,,,,...#....gg.....# ****
,,,,,,,**###............# *,,,
,,,,,,*,,...#...........# *,,,
,,,,,,~,,...~#.#........# *,,,
,,,,*~,~,..~~.#.........# *,,,
,,,*,,~,~~~.~..#........* *,,,
,,,*,,,~,~~~~~~*,,,,,,,,* *,,,


You could see 4 gnolls and an orc (weak-willed).


Message History

It is a scroll of identify.
i - a potion of mutation
As you read the scroll of identify {@r1}, it crumbles to dust.
m - 2 potions of degeneration
As you read the scroll labelled VIVIPS SEFUNN, it crumbles to dust.
You feel strangely unstable.
It was a scroll of teleportation.
There is a stone staircase leading up here.
Unknown command.
You stop ascending the stairs.
Your surroundings suddenly seem different.
A hobgoblin, a rat and an adder come into view.
The hobgoblin shouts!
The adder hisses angrily.
You hear a shout! x3
A gnoll comes into view. It is wielding a +0 whip.
Unknown command.
A gnoll comes into view. It is wielding a +0 halberd.
You claw the hobgoblin!
You kill the hobgoblin!
A gnoll comes into view. It is wielding a +0 spear.
The adder closely misses you.
You claw the adder! The adder bites you but does no damage.
A gnoll comes into view. It is wielding a +0 flail.
You barely miss the adder. The adder barely misses you.
The gnoll closely misses you. x2; The adder closely misses you.
You claw the adder!
You kill the adder!
The gnoll hits you from afar with a +0 halberd.
The gnoll hits you with a +0 whip. 😮 HP[-10]
You take 10 damage, and now have 28/38 hp.
MASSIVE DAMAGE!! (PAUSE)
You barely miss the rat. The gnoll closely misses you. x2
The rat closely misses you.
You scratch the rat.
You kill the rat!
You feel better.
The gnoll hits you from afar with a +0 halberd.
The gnoll closely misses you.
Unknown command.
You barely miss the gnoll. The gnoll barely misses you.
The gnoll hits you from afar with a +0 spear!
The gnoll hits you with a +0 whip.
* * * LOW HITPOINT WARNING * * *
An orc comes into view. It is wielding a +0 whip. 😨 HP[-9]
You take 9 damage, and now have 19/38 hp.
MASSIVE DAMAGE!! (PAUSE)
Okay, then.
It was a potion of resistance.
You feel protected.
The orc shouts!
The gnoll closely misses you. x2; The gnoll barely misses you.
You barely miss the gnoll. The gnoll hits you but does no damage.
The gnoll barely misses you. The gnoll completely misses you.
You scratch the gnoll. The gnoll closely misses you.
The gnoll hits you from afar with a +0 spear.
* * * LOW HITPOINT WARNING * * *
The gnoll hits you with a +0 whip.
* * * LOW HITPOINT WARNING * * *
😨 HP[-4]
You take 4 damage, and now have 15/38 hp.
Unknown command.
It was a potion of curing.
You feel better. The gnoll misses you.
The gnoll hits you from afar with a +0 spear.
* * * LOW HITPOINT WARNING * * *
The gnoll closely misses you. x2 😨 HP[+3]
You regained 3 hp, and now have 18/38 hp.
You completely miss the gnoll. The gnoll closely misses you. x2
The gnoll barely misses you. x2
Unknown command.
You barely miss the gnoll. The gnoll hits you with a +0 flail.
* * * LOW HITPOINT WARNING * * *
The gnoll barely misses you. The gnoll hits you but does no damage.
The gnoll closely misses you. 😨 HP[-3]
You take 3 damage, and now have 15/38 hp.
Unknown command.
It was a potion of lignification.
You feel woody for a moment. The gnoll misses you.
The gnoll hits you from afar with a +0 spear!
* * * LOW HITPOINT WARNING * * *
The gnoll barely misses you. x2 😱 HP[-7]
You take 7 damage, and now have 8/38 hp.
As you read the scroll labelled WYBEAD REMAARIWK, it crumbles to dust.
A wave of despondency washes over your surroundings.
It was a scroll of vulnerability.
The orc closely misses you. The gnoll misses you.
The gnoll hits you from afar with a +0 spear.
* * * LOW HITPOINT WARNING * * *
The gnoll barely misses you. x2 😱 HP[-5]
You take 5 damage, and now have 3/38 hp.
Okay, then.
As you read the scroll labelled YBRAPH TUOCLE, it crumbles to dust.
You feel aware of your surroundings.
You sensed 1 altar, and 1 shop/portal.
It was a scroll of revelation.
The orc barely misses you. The gnoll hits you with a +0 flail!
You die...

Skill      XL: |  1  2  3  4 |
---------------+-------------+-----
Dodging        | 3 |  3.3
Fighting       | 3 |  3.3
Unarmed Combat | 4 |  4.1
Throwing       | |  1.9

Action                     |  1- 3 |  4- 6 || total
---------------------------+-------+-------++-------
  Melee: Unarmed           |   127 |    28 ||   155
         Punch             |     2 |     1 ||     3
    Use: Scroll            |       |     5 ||     5
         Potion            |       |     3 ||     3
 Armour: Leather armour    |    73 |    19 ||    92
  Dodge: Dodged            |   106 |    40 ||   146

Levels and vault maps discovered:
D:1:      dpeg_arrival_rhombus, layout_basic
D:2:      layout_rooms
D:3:      layout_basic, shapermc_ecumenical_altar_starsandcircs, serial_shops,
          nicolae_shop_tiny_statue_garden, uniq_sigmund

Notes
Turn   | Place    | Note
-------+----------+-------------------------------------------
     0 | D:1      | Zonian the Ghoul Gladiator began the quest for the Orb.
     0 | D:1      | Reached XP level 1. HP: 17/17 MP: 1/1
     0 | D:1      | magus.rc [v1.9.6]
    59 | D:1      | You add the spells Ignite Poison, Sticky Flame and Ignition
                  | to your library.
   186 | D:1      | Reached XP level 2. HP: 25/25 MP: 2/2
   383 | D:1      | Reached skill level 3 in Dodging
   563 | D:1      | Reached XP level 3. HP: 27/30 MP: 3/3
  1167 | D:2      | Reached skill level 3 in Fighting
  1584 | D:2      | Reached XP level 4. HP: 38/38 MP: 4/4
  1590 | D:2      | Reached skill level 4 in Unarmed Combat
  1795 | D:3      | Noticed Sigmund
  1820 | D:3      | You pick up a book of Chaos and begin reading...
  1820 | D:3      | You add the spells Conjure Ball Lightning, Disjunction and
                  | Discord to your library.
  1858 | D:3      | HP: 8/38 [gnoll/+0 spear (7)]
  1859 | D:3      | HP: 3/38 [gnoll/+0 spear (5)]
  1860 | D:3      | Slain by a gnoll

Vanquished Creatures
  2 adders
  A dart slug (D:1)
  2 ribbon worms (D:2)
  5 endoplasms
  4 giant cockroaches
  4 hobgoblins
  3 quokkas
  7 ball pythons
  5 bats (D:1)
  7 frilled lizards
  2 goblins (D:2)
  10 kobolds
  4 rats
56 creatures vanquished.

Table legend:
 A = Non-vault XP
 B = Vault XP
 C = Vault XP percentage of total XP
 D = Non-vault monster count
 E = Vault monster count
 F = Vault count percentage of total count
                 A         B        C        D         E       F
            +---------+---------+-------+---------+---------+-------
      Total |     113 |       0 |   0.0 |      56 |       0 |   0.0
            +---------+---------+-------+---------+---------+-------
        D:1 |      52 |       0 |   0.0 |      33 |       0 |   0.0
        D:2 |      44 |       0 |   0.0 |      19 |       0 |   0.0
        D:3 |      17 |       0 |   0.0 |       4 |       0 |   0.0
            +---------+---------+-------+---------+---------+-------

Skill      XL: |  1  2  3  4 |
---------------+-------------+-----
Dodging        | 3 |  3.3
Fighting       | 3 |  3.3
Unarmed Combat | 4 |  4.1
Throwing       | |  1.9

Action                     |  1- 3 |  4- 6 || total
---------------------------+-------+-------++-------
  Melee: Unarmed           |   127 |    28 ||   155
         Punch             |     2 |     1 ||     3
    Use: Scroll            |       |     5 ||     5
         Potion            |       |     3 ||     3
 Armour: Leather armour    |    73 |    19 ||    92
  Dodge: Dodged            |   106 |    40 ||   146

Illustrated notes

Table legend:
 A = Kills in this place as a percentage of kills in the entire game.
 B = Kills by you in this place as a percentage of kills by you in the entire game.
 C = Kills by friends in this place as a percentage of kills by friends in the entire game.
 D = Other kills in this place as a percentage of other kills in the entire game.
 E = Experience gained in this place as a percentage of experience gained in the entire game.
 F = Experience gained in this place divided by the number of levels of this place that you have seen.
                   A       B       C       D       E      F
               +-------+-------+-------+-------+-------+----------------------
         Total | 100.0 | 100.0 |   N/A |   N/A | 100.0 |  37.7
       Dungeon | 100.0 | 100.0 |   N/A |   N/A | 100.0 |  37.7
               +-------+-------+-------+-------+-------+----------------------

Table legend: (Time is in decaauts)
 A = Elapsed time spent in this place.
 B = Non-inter-level travel time spent in this place.
 C = Inter-level travel time spent in this place.
 D = Time resting spent in this place.
 E = Time spent auto-exploring this place.
 F = Levels seen in this place.
 G = Mean time per level.
                   A        B        C        D        E       F      G
               +--------+--------+--------+--------+--------+-----+--------+
         Total |   1850 |   1773 |     77 |    161 |   1262 |   3 |  616.7 |
       Dungeon |   1850 |   1773 |     77 |    161 |   1262 |   3 |  616.7 |
               +--------+--------+--------+--------+--------+-----+--------+

Top non-repeatable levels by time:
     D:1: 1125 daAuts
     D:2: 656 daAuts
     D:3: 67 daAuts
